 Dungeon Crawl Stone Soup version 0.17-a0-896-g249456b (webtiles) character file.

4312 xeno23 the Basher (level 10, -2/104 HPs)
             Began as an Ogre Wizard on May 1, 2015.
             Was a Believer of Okawaru.
             Slain by a polar bear (22 damage)
             ... on level 9 of the Dungeon.
             The game lasted 00:57:29 (10607 turns).

xeno23 the Basher (Ogre Wizard)                    Turns: 10607, Time: 00:57:34

Health: -2/104     AC:  3    Str: 16    XL:     10   Next: 33%
Magic:  21/30      EV: 12    Int: 24    God:    Okawaru [**....]
Gold:   446        SH:  0    Dex:  8    Spells: 6 memorised, 11 levels left

rFire  . . .     SeeInvis .     A - +1 giant spiked club
rCold  . . .     Clarity  .     a - +0 robe
rNeg   . . .     SustAb   .     (no shield)
rPois  .         Gourm    .     b - +0 hat
rElec  .         Spirit   .     (no cloak)
rCorr  .         Warding  .     (gloves unavailable)
rMut   .         Stasis   .     (boots unavailable)
MR     +....                    (no amulet)
Stlth  ++........               z - ring of magical power
                                p - +6 ring of intelligence

@: lethally poisoned (-2 -> -2), heroism, very slightly contaminated, somewhat
resistant to hostile enchantments, unstealthy
A: unfitting armour, tough skin 1
a: Heroism, Renounce Religion


You were on level 9 of the Dungeon.
You worshipped Okawaru.
Okawaru was pleased with you.
You were not hungry.

You visited 2 branches of the dungeon, and saw 10 of its levels.

You collected 446 gold pieces.

Inventory:

Hand weapons
 f - a +0 short sword
 l - a +0 hunting sling
 n - a +0 spear
 y - a +2 whip of flaming
 A - a +1 giant spiked club (weapon)
Missiles
 i - 70 sling bullets
 N - a large rock (quivered)
Armour
 a - a +0 robe (worn)
 b - a +0 hat (worn)
Magical staves
 H - an uncursed staff of power
Jewellery
 k - a +5 ring of intelligence
 p - a +6 ring of intelligence (left hand)
 z - a ring of magical power (right hand)
 F - an uncursed ring of protection from cold
Magical devices
 h - a wand of flame (9)
 s - a wand of teleportation (8)
 I - a wand of polymorph (12)
 J - a wand of enslavement (14)
 L - a wand of random effects (27)
 O - a wand of lightning (8)
 R - a wand of frost (39)
Scrolls
 e - 3 scrolls of recharging
 g - a scroll of teleportation
 o - a scroll of magic mapping
 q - 4 scrolls of identify
 u - a scroll of remove curse
 w - a scroll of enchant weapon
 E - 2 scrolls of blinking
 G - a scroll of amnesia
 M - a scroll of immolation
Potions
 j - a potion of lignification {unknown}
 m - 2 potions of mutation {unknown}
 r - 2 potions of cancellation {unknown}
 t - a potion of curing
 v - 2 potions of heal wounds {unknown}
 D - a potion of haste {unknown}
 K - a potion of brilliance {unknown}
Books
 c - a book of Minor Magic

   Spells                             Type                      Level
   a - Magic Dart                     Conjuration                  1
   b - Blink                          Translocation                2
   c - Call Imp                       Summoning                    2
   d - Repel Missiles                 Charms/Air                   2
   e - Slow                           Hexes                        2
   f - Conjure Flame                  Conjuration/Fire             3
   g - Mephitic Cloud                 Conjuration/Poison/Air       3
 x - a book of Minor Magic

   Spells                             Type                      Level
   a - Magic Dart                     Conjuration                  1
   b - Blink                          Translocation                2
   c - Call Imp                       Summoning                    2
   d - Repel Missiles                 Charms/Air                   2
   e - Slow                           Hexes                        2
   f - Conjure Flame                  Conjuration/Fire             3
   g - Mephitic Cloud                 Conjuration/Poison/Air       3
Comestibles
 d - 9 bread rations
 B - 2 beef jerkies
 C - 4 meat rations
 P - a slice of pizza
 Q - a chunk of flesh


   Skills:
 + Level 8.0(13.0) Fighting
 * Level 10.6(15.6) Maces & Flails
 + Level 6.4(11.4) Throwing
 * Level 3.3(8.3) Dodging
 - Level 1.5(6.5) Stealth
 - Level 7.5 Spellcasting
 - Level 2.5 Conjurations
 - Level 0.6 Summonings
 - Level 0.6 Translocations
 - Level 2.5 Air Magic


You had 11 spell levels left.
You knew the following spells:

 Your Spells              Type           Power        Failure   Level  Hunger
a - Magic Dart            Conj           ###.         2%          1    None
b - Blink                 Tloc           N/A          12%         2    None
c - Call Imp              Summ           ##......     12%         2    None
d - Conjure Flame         Conj/Fire      ###.....     14%         3    None
e - Mephitic Cloud        Conj/Pois/Air  ###.....     12%         3    None
r - Repel Missiles        Chrm/Air       ###...       8%          2    None


Dungeon Overview and Level Annotations

Branches:
Dungeon (9/15)             Temple (1/1) D:7            Lair (0/8) D:8
    Orc: D:9-12

Altars:
Ashenzari
Cheibriados
Dithmenos
Elyvilon
Fedhas
Gozag
Kikubaaqudgha
Makhleb
Nemelex Xobeh
Okawaru
Qazlal
Ru
Sif Muna
Trog
Vehumet
Xom
Yredelemnul
Zin
The Shining One


Innate Abilities, Weirdness & Mutations

You are too large for most types of armour.
You have tough skin (AC +1).


Message History

You take 1 damage.
Casting: Mephitic Cloud
Confirm with . or Enter, or press ? or * to list all spells.
Aiming: Mephitic Cloud
Press: ? - help, Shift-Dir - straight line, f - water moccasin
Aim: a water moccasin The ball explodes into a vile cloud!
The stinking cloud engulfs the water moccasin.
The stinking cloud engulfs the polar bear.
The polar bear is almost dead.
The stinking cloud engulfs the wolf.
You hear a bark! x2
You hear a shout!
The polar bear misses you. The polar bear claws you.
* * * LOW HITPOINT WARNING * * *
The polar bear claws you.
* * * LOW HITPOINT WARNING * * *
The water moccasin bites you but does no damage.
The polar bear bites you!!
You die...

..≈≈...≈≈..#
#≈.≈h.≈≈≈..#
#.≈..≈..≈########
###.≈≈≈≈≈.Z.....>..
......≈≈............
####≈.≈.≈..§§######
##≈.≈###h§# ##≈#
#hS#
########@.#######
.................
........<........
#####............
#.########## #. #


You could see a polar bear (berserk), a water moccasin, a wolf and a centaur
skeleton.

Vanquished Creatures
  A hill giant (D:8)
  A komodo dragon (D:8)
  Grinder (D:5)
  A hippogriff (D:8)
  A spriggan (D:7)
  2 wyverns
  Edmund (D:5)
  2 ice beasts
  An eye of draining (D:8)
  A black bear (D:6)
  3 sky beasts
  2 centaurs (D:7)
  A wasp (D:8)
  2 ogres
  The ghost of hornqvist the Sneak, an average OpAs (D:5)
  5 giant frogs
  5 scorpions
  3 crimson imps (D:8)
  A giant frog zombie (D:7)
  3 orc priests
  6 worker ants
  2 hounds
  A hell rat (D:6)
  8 orc wizards
  2 iguanas
  A killer bee zombie (D:5)
  A centaur simulacrum (D:9)
  A giant frog simulacrum (D:9)
  5 adders
  3 gnolls (D:4)
  6 river rats (D:6)
  A shadow imp (D:8)
  An ooze (D:2)
  An adder zombie (D:8)
  3 adder skeletons
  3 worms
  3 giant geckos
  23 orcs
  9 bats
  10 giant cockroaches
  12 goblins
  10 hobgoblins
  6 jackals (D:1)
  11 kobolds
  2 quokkas
  2 ball pythons
  A giant gecko zombie (D:5)
  4 giant newts
  A jackal zombie (D:6)
  28 rats
205 creatures vanquished.

Vanquished Creatures (collateral kills)
  An ice beast (D:5)
  Ijyb (D:3)
  Jessica (D:2)
  A gnoll (D:4)
  A goblin (D:2)
5 creatures vanquished.

Vanquished Creatures (others)
  5 crimson imps
  A white imp (D:8)
  A plant (D:8)
7 creatures vanquished.

Grand Total: 217 creatures vanquished

Notes
Turn   | Place    | Note
--------------------------------------------------------------
     0 | D:1      | xeno23, the Ogre Wizard, began the quest for the Orb.
     0 | D:1      | Reached XP level 1. HP: 16/16 MP: 5/5
    37 | D:1      | Reached skill level 1 in Conjurations
   245 | D:1      | Reached XP level 2. HP: 22/24 MP: 0/6
   771 | D:1      | Learned a level 2 spell: Blink
   774 | D:1      | Learned a level 2 spell: Call Imp
   777 | D:1      | Learned a level 2 spell: Repel Missiles
   999 | D:1      | Reached XP level 3. HP: 29/32 MP: 8/8
  1311 | D:1      | Reached skill level 1 in Fighting
  1449 | D:2      | Noticed Jessica
  1469 | D:2      | Killed Jessica
  1684 | D:2      | Reached skill level 1 in Throwing
  1791 | D:2      | Reached XP level 4. HP: 39/42 MP: 7/9
  2221 | D:3      | Reached skill level 4 in Spellcasting
  2229 | D:3      | Found a white marble altar of Elyvilon.
  2260 | D:3      | Noticed Ijyb
  2274 | D:3      | Killed Ijyb
  2367 | D:3      | Learned a level 3 spell: Conjure Flame
  2586 | D:3      | Reached skill level 1 in Maces & Flails
  2692 | D:3      | Reached XP level 5. HP: 50/50 MP: 11/11
  2721 | D:3      | Noticed a giant frog
  2729 | D:3      | Killed a giant frog
  2954 | D:3      | Reached XP level 6. HP: 36/61 MP: 12/12
  3105 | D:3      | Learned a level 3 spell: Mephitic Cloud
  3316 | D:4      | Noticed an ogre
  3392 | D:4      | Killed an ogre
  3924 | D:4      | Reached XP level 7. HP: 63/68 MP: 14/14
  4010 | D:4      | Reached skill level 5 in Spellcasting
  4136 | D:5      | Entered Level 5 of the Dungeon
  4243 | D:5      | Reached skill level 5 in Maces & Flails
  4374 | D:5      | Noticed hornqvist's ghost (average OpAs)
  4394 | D:5      | Killed hornqvist's ghost
  4504 | D:5      | Reached skill level 6 in Maces & Flails
  4719 | D:5      | Noticed Edmund
  4726 | D:5      | Killed Edmund
  4726 | D:5      | Reached skill level 5 in Fighting
  4726 | D:5      | Reached XP level 8. HP: 76/80 MP: 16/16
  5155 | D:5      | Noticed Grinder
  5170 | D:5      | Killed Grinder
  5170 | D:5      | Reached skill level 7 in Maces & Flails
  5622 | D:6      | Reached skill level 8 in Maces & Flails
  5627 | D:6      | You fall through a shaft for 2 floors!
  5912 | D:8      | Reached skill level 1 in Air Magic
  5912 | D:8      | Reached XP level 9. HP: 8/89 MP: 2/18
  5939 | D:8      | Reached skill level 5 in Throwing
  7982 | D:7      | Reached skill level 9 in Maces & Flails
  8127 | D:7      | Found a staircase to the Ecumenical Temple.
  8156 | Temple   | Entered the Ecumenical Temple
  8593 | Temple   | Became a worshipper of Warmaster Okawaru
  9462 | D:8      | Noticed a hill giant
  9480 | D:8      | Killed a hill giant
  9480 | D:8      | Acquired Okawaru's first power
  9499 | D:8      | Found a staircase to the Lair.
  9503 | D:8      | Noticed a komodo dragon
  9524 | D:8      | Killed a komodo dragon
  9524 | D:8      | Reached skill level 10 in Maces & Flails
  9524 | D:8      | Reached XP level 10. HP: 102/102 MP: 21/21
 10607 | D:9      | Slain by a polar bear

Action                   |  1- 3 |  4- 6 |  7- 9 | 10-12 || total
-------------------------+-------+-------+-------+-------++-------
Melee: Unarmed           |    14 |       |       |       ||    14
       Short sword       |   129 |    50 |       |       ||   179
       Flail             |       |    23 |       |       ||    23
       Whip              |       |    86 |   241 |       ||   327
       Giant spiked club |       |    15 |    98 |    75 ||   188
       Spear             |       |    14 |    21 |       ||    35
Throw: Large rock        |       |       |     3 |       ||     3
 Cast: Magic Dart        |    38 |    26 |    60 |       ||   124
       Repel Missiles    |     1 |     1 |     1 |       ||     3
       Call Imp          |     3 |     7 |    22 |     2 ||    34
       Mephitic Cloud    |       |     4 |    21 |     8 ||    33
       Blink             |       |     3 |     6 |     2 ||    11
       Conjure Flame     |       |     2 |     7 |     1 ||    10
Invok: Heroism           |       |       |       |     1 ||     1
  Use: Scroll            |       |       |    15 |     1 ||    16
       Potion            |       |       |     3 |       ||     3
 Stab: Sleeping          |     1 |       |     1 |       ||     2
       Confused          |       |     1 |     6 |       ||     7
  Eat: Chunk             |     1 |     5 |    14 |     3 ||    23
       Bread ration      |       |     1 |       |       ||     1
       Pizza             |       |       |     2 |       ||     2
       Beef jerky        |       |       |     1 |       ||     1
